Unix NetHack Version 3.7.0-89 Work-in-progress - last build Sep 8 2023 01:29:47 (8494bff02b67719303c47e298deaa89034127798,branch:master). Game began 2023-09-18 21:53:52, ended 2023-09-19 17:46:30. unit327, chaotic male human Rogue --------------- ---------- |.............- |........-# |.............| -------------- ####|........|### |.............| ####.......{.....| ########.........| # |.............| |............| ## ---------- # |.............| #.............| ## # --|---------|-- #-------------- # ## ############ 0####### # # ############ # # ## ##### # ##@### # # ####### ### # ---)--##### ## ^ ## -----.--- # |....|# #----|- ## |.......| # |....|# #|...`| #### |.......|### |....|# ## #-.^..| ---|----- |........# |.....# ##### |....| |..>....| -----|--- ########-<...|0###########################.....| |.......| # ------# ### |....| |.......| ## ##### #-....| --------- ------ Unit327 the Rogue St:14 Dx:16 Co:16 In:8 Wi:12 Ch:10 Chaotic Dlvl:7 $:0 HP:0(45) Pw:27(27) AC:-4 Xp:7/1170 T:6896 Latest messages: You stagger... What do you want to use or apply? [chkruFS or ?*] Nothing seems to happen. What do you want to use or apply? [chkruFS or ?*] Nothing seems to happen. What do you want to use or apply? [chkruFS or ?*] You feel a bit steadier now. # Talk to whom? (in what direction) Mr Ed whickers. What do you want to wear? [*] You are now wearing a towel around your head. You can't see any more. What do you want to remove? [pS or ?*] You were wearing an uncursed towel. You can see again. In what direction? You throw 3 daggers. The 1st dagger hits the leprechaun! The leprechaun wakes up! The leprechaun screams! The 2nd dagger hits the leprechaun! The 3rd dagger hits the leprechaun! l - 3 uncursed +0 daggers (at the ready) (14 in total). The dwarf queen just misses! The dwarf queen hits! In what direction? You throw 2 daggers. The 1st dagger hits the dwarf queen! The 2nd dagger hits the dwarf queen! The dwarf queen hits! The dwarf queen hits again! You swap places with Mr Ed. What do you want to put on? [bS or ?*] Which ring-finger, Right or Left? [rl] b - an uncursed ring of regeneration (on right hand). You feel clumsy! You haven't been working on reflexes lately. What do you want to use or apply? [chkruFS or ?*] x - a potion of extra healing. Pick an object. What do you want to zap? [hr or ?*] In what direction? The jabberwock vanishes! You feel an unseen monster! It bites! It just misses! It hits! It hits again! You die... Inventory: Amulets ('"') p - an uncursed amulet versus poison named nc (being worn) Weapons (')') l - 12 uncursed +0 daggers (at the ready) N - a blessed +1 elven dagger B - a blessed +0 elven dagger (weapon in hand) Armor ('[') n - an uncursed +0 orcish helm (being worn) O - an uncursed +4 pair of iron shoes (being worn) L - an uncursed +0 elven shield (being worn) e - an uncursed burnt +0 leather cloak (being worn) R - an uncursed +0 elven mithril-coat (being worn) Comestibles ('%') s - an uncursed cram ration f - an uncursed sprig of wolfsbane a - an uncursed lizard corpse Potions ('!') x - a blessed potion of extra healing D - an uncursed potion of hallucination Rings ('=') b - an uncursed ring of regeneration (on right hand) Wands ('/') h - an uncursed wand of make invisible (0:4) r - an uncursed wand of speed monster (0:3) Tools ('(') F - an uncursed sack containing 15 items c - an uncursed expensive camera (0:54) k - an uncursed lock pick S - an uncursed towel u - an uncursed +0 unicorn horn Contents of the sack: 123 gold pieces an uncursed amulet of magical breathing named nc an uncursed scroll of charging an uncursed scroll of destroy armor an uncursed scroll of enchant armor an uncursed scroll of enchant weapon an uncursed scroll of gold detection an uncursed scroll of identify a cursed scroll of identify an uncursed potion of full healing a cursed potion of gain ability an uncursed potion of sickness an uncursed potion of speed a cursed ring of hunger an uncursed ring of see invisible Unit327 the Rogue's attributes: Background: You were a Rogue, level 7 male human. You were chaotic, on a mission for Kos who was opposed by Issek (lawful) and Mog (neutral). You were in the Dungeons of Doom, on level 7. You entered the dungeon 6896 turns ago. You had 1170 experience points, 110 more were needed to attain level 8. Basics: You had 0 out of 45 hit points. You had all 27 energy points (spell power). Your armor class was -4. Your wallet was empty, but you had 123 zorkmids stashed away in your pack. Autopickup was on for '$?!/="+' plus thrown, with exceptions. Final Characteristics: Your strength was 14 (limit:18/100). Your dexterity was 16 (peak:18, limit:18). Your constitution was 16 (limit:18). Your intelligence was 8 (limit:18). Your wisdom was 12 (limit:18). Your charisma was 10 (limit:18). Final Status: You were not hungry. You were unencumbered. You were wielding a dagger. You had expert skill with dagger. Final Attributes: You were piously aligned. You were poison resistant. You were telepathic. You were stealthy. You regenerated. You were guarded. You were fast. You are dead. Miscellaneous: You never encountered a bones level. Total elapsed playing time was 2 hours, 7 minutes and 23 seconds. Major events: Turn 1: unit327 the chaotic male human Rogue entered the dungeon 1312: attained the rank of Cutpurse (level 3) 2143: entered the Gnomish Mines 3172: attained the rank of Rogue (level 6) 3495: reached Mine Town 6896: killed by an invisible chameleon imitating a jabberwock Vanquished creatures: a large mimic a small mimic a djinni an elf mummy a winter wolf cub 2 owlbears a Green-elf a lizard a dog a gray unicorn a black unicorn 2 ravens an ape a rope golem 3 Woodland-elves a shrieker 2 gnome leaders 5 gnomish wizards a kobold mummy 2 elf zombies a giant ant a little dog 2 floating eyes 9 dwarves 2 homunculi 8 hill orcs a rothe a giant bat 2 monkeys 4 orc zombies a werejackal 2 iguanas 4 killer bees an acid blob 6 hobbits 2 manes 2 large kobolds a hobgoblin 2 cave spiders 2 brown molds a yellow mold a red mold 26 gnomes 8 garter snakes a gnome zombie 4 geckos 3 jackals a fox 3 kobolds 3 goblins 2 sewer rats 12 grid bugs 2 bats 5 lichens a kobold zombie 4 newts 161 creatures vanquished. No species were genocided or became extinct. Voluntary challenges: You read items or engraved 5 times. You engraved Elbereth 1 time. You never genocided any monsters. You never polymorphed an object. You never changed form. You used no wishes. Achievements: You attained the rank of Cutpurse. You entered the Gnomish Mines. You attained the rank of Rogue. You entered Minetown. You entered a temple. You entered a shop. The Dungeons of Doom: levels 1 to 7 Level 1: A fountain. Level 2: A sink. Level 3: Level 4: A fountain. Stairs down to The Gnomish Mines. Level 5: "stash" Level 6: "stash" Level 7: <- You were here. A fountain. Final resting place for you, killed by an invisible chameleon imitating a jabberwock. The Gnomish Mines: levels 5 to 8 Level 5: Level 6: Level 7: Level 8: "minetown stash" Many shops, a temple, some fountains. Game over: ---------- / \ / REST \ / IN \ / PEACE \ / \ | unit327 | | 123 Au | | killed by an | | invisible | | chameleon | | imitating a | | 2023 | *| * * * | * _________)/\\_//(\/(/\)/\//\/|_)_______ Goodbye unit327 the Rogue... You died in The Dungeons of Doom on dungeon level 7 with 5201 points, and 123 pieces of gold, after 6896 moves. You were level 7 with a maximum of 45 hit points when you died.